 Dungeon Crawl Stone Soup version 0.30-a0-881-g1ff12e1e11 (webtiles) character file.

Game seed: 6862527047316600346

1877440 monoptic the Axe Maniac (level 27, 269/269 (273) HPs)
             Began as a Minotaur Fighter on Mar 13, 2023.
             Was the Champion of Okawaru.
             Escaped with the Orb
             ... and 3 runes on Mar 14, 2023!
             The game lasted 03:50:22 (56445 turns).

monoptic the Axe Maniac (Minotaur Fighter)         Turns: 56445, Time: 03:50:23

HP:   269/269 (273) AC: 61    Str: 36      XL:     27
MP:   34/34         EV: 21    Int:  5 (7)  God:    Okawaru [******]
Gold: 4259          SH:  0    Dex: 20      Spells: 29/29 levels left

rFire   + + +      SeeInvis .    J - +7 executioner's axe of Eternal Vigilance {vamp, rC++ Will+ MP-9 Int+2}
rCold   + + +      Faith    +    (shield currently unavailable)
rNeg    . . .      Spirit   .    U - +9 scales of the Dragon King {rPois rF+ rC+ Will+}
rPois   +          Reflect  .    i - +1 hat of the Divine Jabberwock {rElec rPois Regen+ Str+3}
rElec   +          Rampage  ∞    v - +2 cloak {rCorr}
rCorr   +                        S - +1 pair of gloves "Wiehiny" {Dex+4}
Will    ++++.                    D - +3 pair of seven-league boots {Rampage+∞} Stlth
                                 e - amulet of the Echidna {Faith Fly rF++ Regen+ Str-2}
HPRegen 2.24/turn                V - ring "Egebyz" {Contam rElec MP+9 Str+6 Slay+3}
MPRegen 0.24/turn                X - ring of the Tortoise {AC+8}

@: flying, studying 2 skills, lightly drained
A: horns 2, retaliatory headbutt, iridescent scales 2, screaming 1
0: Orb of Zot
}: 3/15 runes: serpentine, barnacled, silver
a: Renounce Religion, Heroism, Finesse, Duel


You escaped.
You worshipped Okawaru.
Okawaru was exalted by your worship.
You visited 10 branches of the dungeon, and saw 48 of its levels.
You visited the Abyss 1 time.
You also visited: Trove.

You collected 9040 gold pieces.
You spent 4781 gold pieces at shops.

Inventory:

Hand Weapons
 r - the +7 great sword of the Six Souls {flame, rElec rF- Str+2}
   (Okawaru gifted it to you on level 3 of the Snake Pit)

   Str:       It affects your strength (+2).
   rF:        It makes you vulnerable to fire.
   rElec:     It insulates you from electricity.
 J - the +7 executioner's axe of Eternal Vigilance (weapon) {vamp, rC++ Will+ MP-9 Int+2}
   (Okawaru gifted it to you on level 10 of the Dungeon)

   Int:       It affects your intelligence (+2).
   rC:        It greatly protects you from cold.
   MP:        It affects your magic capacity (-9).
   Will:      It increases your willpower.
Armour
 i - the +1 hat of the Divine Jabberwock (worn) {rElec rPois Regen+ Str+3}
   (Okawaru gifted it to you on level 3 of the Shoals)

   Str:       It affects your strength (+3).
   rElec:     It insulates you from electricity.
   rPois:     It protects you from poison.
   Regen:     It increases your rate of health regeneration.
 v - a +2 cloak of preservation (worn)
 D - the +3 pair of seven-league boots (worn) {Rampage+∞}
   (You bought it in a shop on level 3 of the Vaults)

   Rampage+∞: When moving toward enemies, its wearer moves as far as possible.
 S - the +1 pair of gloves "Wiehiny" (worn) {Dex+4}
   (Okawaru gifted it to you on level 1 of the Elven Halls)

   Dex:       It affects your dexterity (+4).
 U - the +9 scales of the Dragon King (worn) {rPois rF+ rC+ Will+}
   (You found it on level 3 of the Elven Halls)

   rF:        It protects you from fire.
   rC:        It protects you from cold.
   rPois:     It protects you from poison.
   Will:      It increases your willpower.
Jewellery
 a - the ring "Mext" {Fly Int+3 Slay+2 Stlth+}
   (You found it on level 5 of the Vaults)

   [ring of flight]

   Int:       It affects your intelligence (+3).
   Slay:      It affects your accuracy & damage with ranged weapons and melee
   (+2).
   Fly:       It grants you flight.
   Stlth:     It makes you more stealthy.
 b - the amulet of the Four Winds {rN+ Will+++ Clar}
   (You found it on level 5 of the Vaults)

   [amulet of nothing]

   rN:        It protects you from negative energy.
   Clar:      It protects you against confusion.
   Will:      It greatly increases your willpower.
 e - the amulet of the Echidna (around neck) {Faith Fly rF++ Regen+ Str-2}
   (You bought it in a shop on level 2 of the Orcish Mines)

   [amulet of faith]

   It allows you to gain divine favour quickly.
   Str:       It affects your strength (-2).
   rF:        It greatly protects you from fire.
   Fly:       It grants you flight.
   Regen:     It increases your rate of health regeneration.
 V - the ring "Egebyz" (left hand) {Contam rElec MP+9 Str+6 Slay+3}
   (You acquired it on level 1 of the Depths)

   [ring of magical power]

   Str:       It affects your strength (+6).
   Slay:      It affects your accuracy & damage with ranged weapons and melee
   (+3).
   rElec:     It insulates you from electricity.
   MP:        It affects your magic capacity (+9).
   Contam:    It causes magical contamination when unequipped.
 X - the ring of the Tortoise (right hand) {AC+8}
   (You found it on level 3 of the Elven Halls)

   [ring of protection]

   AC:        It affects your AC (+8).
Wands
 g - a wand of digging (8)
 n - a wand of polymorph (13)
 y - a wand of mindburst (20)
 B - a wand of flame (63)
 C - a wand of roots (59)
 W - a wand of light (8)
Scrolls
 c - a scroll of silence
 h - a scroll of brand weapon
 j - 10 scrolls of poison
 l - 24 scrolls of teleportation
 m - a scroll of enchant armour
 q - 11 scrolls of noise
 s - 2 scrolls of magic mapping
 z - 9 scrolls of fear
 A - 3 scrolls of blinking
 H - 10 scrolls of fog
Potions
 d - 5 potions of might
 f - 21 potions of curing
 k - 4 potions of ambrosia
 o - 6 potions of heal wounds
 u - 5 potions of berserk rage
 w - 3 potions of cancellation
 x - 5 potions of resistance
 E - 3 potions of mutation
 K - 5 potions of flight
 T - 4 potions of invisibility
Miscellaneous
 L - a phial of floods
 O - a tin of tremorstones (2/2)
 Q - a lightning rod (4/4)


   Skills:
 O Level 27 Fighting
 + Level 2.0(7.6) Short Blades
 - Level 12.6(12.7) Long Blades
 O Level 27 Axes
 - Level 6.2 Ranged Weapons
 O Level 27 Armour
 * Level 22.2 Dodging
 - Level 1.4 Stealth
 - Level 8.0 Shields
 - Level 0.8 Unarmed Combat
 - Level 1.5 Spellcasting
 * Level 16.4 Invocations
 * Level 13.7 Evocations


You had 29 spell levels left.
You didn't know any spells.
Your spell library contained the following spells:

 Spells                   Type           Power      Damage    Failure   Level
 Magic Dart               Conj           0%         1d3       88%         1
 Sandblast                Erth           0%         2d4       88%         1
 Slow                     Hex            0%         N/A       88%         1
 Blink                    Tloc           0%         N/A       96%         2
 Cigotuvi's Dreadful Rot  Necr/Pois/Air  0%         N/A       96%         2
 Ensorcelled Hibernation  Hex/Ice        0%         N/A       96%         2
 Passwall                 Tmut/Erth      0%         N/A       96%         2
 Poisonous Vapours        Pois/Air       0%         N/A       96%         2
 Scorch                   Fire           0%         2d5       96%         2
 Searing Ray              Conj           0%         2d4       96%         2
 Static Discharge         Conj/Air       0%         2-2/arc   96%         2
 Sublimation of Blood     Necr           0%         N/A       96%         2
 Confusing Touch          Hex            0%         N/A       99%         3
 Dazzling Flash           Conj/Hex       0%         N/A       99%         3
 Frozen Ramparts          Ice            0%         1d1       99%         3
 Ignite Poison            Fire/Tmut/Pois 0%         N/A       99%         3
 Kindle Blastsparks       Fire/Tloc/Air  0%         2d10      99%         3
 Mephitic Cloud           Conj/Pois/Air  0%         N/A       99%         3
 Ozocubu's Armour         Ice            0%         N/A       99%         3
 Spider Form              Tmut/Pois      0%         N/A       99%         3
 Stone Arrow              Conj/Erth      0%         3d7       99%         3
 Swiftness                Air            0%         N/A       99%         3
 Vampiric Draining        Necr           0%         2d6       99%         3
 Vhi's Electric Charge    Tloc/Air       0%         N/A       99%         3
 Anguish                  Hex/Necr       0%         N/A       100%        4
 Dispel Undead            Necr           0%         3d6       100%        4
 Flame Wave               Conj/Fire      0%         2d4       100%        4
 Fulminant Prism          Conj/Hex       0%         3d5       100%        4
 Ice Form                 Ice/Tmut       0%         N/A       100%        4
 Iskenderun's Mystic Bla  Conj/Tloc      0%         2d3       100%        4
 Manifold Assault         Tloc           0%         N/A       100%        4
 Passage of Golubria      Tloc           0%         N/A       100%        4
 Petrify                  Tmut/Erth      0%         N/A       100%        4
 Sticky Flame             Conj/Fire      0%         2d3       100%        4
 Arcjolt                  Conj/Air       0%         1d10      100%        5
 Fireball                 Conj/Fire      0%         3d3       100%        5
 Irradiate                Conj/Tmut      0%         3d11      100%        5
 Iskenderun's Battlesphe  Conj           0%         2d6       100%        5
 Lee's Rapid Deconstruct  Erth           0%         3d4*      100%        5
 Lightning Bolt           Conj/Air       0%         1d11      100%        5
 Metabolic Englaciation   Hex/Ice        0%         N/A       100%        5
 Silence                  Hex/Air        0%         N/A       100%        5
 Yara's Violent Unravell  Hex/Tmut       0%         3d3       100%        5
 Dispersal                Tloc           0%         N/A       100%        6
 Iron Shot                Conj/Erth      0%         9d1       100%        6
 Starburst                Conj/Fire      0%         6d3       100%        6
 Statue Form              Tmut/Erth      0%         N/A       100%        6
 Storm Form               Tmut/Air       0%         N/A       100%        7
 Borgnjor's Revivificati  Necr           0%         N/A       100%        8
 Disjunction              Tloc           0%         N/A       100%        8
 Ignition                 Fire           0%         3d3       100%        8
 Lehudib's Crystal Spear  Conj/Erth      0%         10d2      100%        8
 Necromutation            Tmut/Necr      0%         N/A       100%        8
 Death's Door             Necr           0%         N/A       100%        9
 Polar Vortex             Ice            0%         N/A       100%        9
 Tukima's Dance           Hex            Unusable   N/A       N/A         3
 Animate Armour           Summ/Erth      Unusable   N/A       N/A         4
 Summon Ice Beast         Ice/Summ       Unusable   N/A       N/A         4
 Death Channel            Necr           Unusable   N/A       N/A         6
 Simulacrum               Ice/Necr       Unusable   N/A       N/A         6
 Summon Cactus Giant      Summ           Unusable   N/A       N/A         6
 Spellforged Servitor     Conj/Summ      Unusable   N/A       N/A         7

Dungeon Overview and Level Annotations

Branches:
Dungeon (15/15)            Temple (1/1) D:6            Lair (5/5) D:9
 Shoals (4/4) Lair:2        Snake (4/4) Lair:2        Slime (0/5) Lair:5
    Orc (2/2) D:9             Elf (3/3) Orc:2        Vaults (5/5) D:14
  Crypt (0/3) Vaults:3     Depths (4/4) D:15            Zot (5/5) Depths:4

Altars:
Ashenzari
Cheibriados
Dithmenos
Elyvilon
Fedhas
Gozag
Hepliaklqana
Kikubaaqudgha
Makhleb
Nemelex Xobeh
Okawaru
Qazlal
Ru
Sif Muna
Trog
Uskayaw
Vehumet
Wu Jian
Xom
Yredelemnul
Zin
The Shining One
Lugonu

Shops:
D:7 (   D:8 [[:*(   D:10 [   D:15 *   Orc:2 (=!*   Elf:3 *:   Shoals:1 :
Shoals:3 (   Snake:2 =   Snake:4 [   Vaults:3 *![[*   Vaults:4 =   Depths:2 [
Depths:4 *[*

Portals:
Hell: Depths:1 Depths:2 Depths:3 Depths:4
Abyss: Depths:1 Depths:3
Pandemonium: Orc:2 Depths:2
Ziggurat: Depths:2

Annotations:
D:13 exclusion: ice statue
Temple 2 transporters
Lair:4 exclusion: oklob plant
Snake:4 Roxanne


Innate Abilities, Weirdness & Mutations

You have a pair of horns on your head.
You reflexively headbutt those who attack you in melee.
You are mostly covered in iridescent scales. (AC +4)
You occasionally shout uncontrollably at your foes.


Message History

There is a stone staircase leading up here.
You fly upwards.
There is a stone staircase leading down here.
There is a stone staircase leading up here.
You fly upwards.
There is a stone staircase leading down here.
HP restored.
There is an open door here.
A rust devil comes into view.
You yell at the rust devil!
There is a stone staircase leading up here.
You fly upwards.
There is a stone staircase leading down here.
You see here a scroll of amnesia.
There is a stone staircase leading up here.
You fly upwards.
There is a stone staircase leading down here.
There is a stone staircase leading up here.
You fly upwards.
There is a stone staircase leading down here.
You see here a +0 whip.
You see here a +0 dagger.
Items here: )))) [[.
There is a stone staircase leading up here.
You see here a +0 club.
You fly upwards.
There is a stone staircase leading down here.
There is a stone staircase leading up here.
You fly upwards.
There is a stone staircase leading down here.
There is a stone staircase leading up here.
You fly upwards.
There is a stone staircase leading down here.
There is a stone staircase leading up here.
You fly upwards.
There is a stone staircase leading down here.
There is an open door here.
You see here 5 stones.
There is a staircase leading out of the dungeon here.
You have escaped!

#.## #^...###. #..#
#......#. ##.# #.#.##..>
### #.# #.####### #.##
#.# ###.# ##.### #.#
###.#.#
##..####'####..##.#
###..'|(.'..####.####
####.@.#### #....#
###..'...'..#######.####
##..####'####..## #.##..
#.### #.# ###.# ##.##.#
### #.##########..##.#
#................#
##################


There were no monsters in sight!

Vanquished Creatures
  3 dread liches
  3 ancient liches (Vaults:5)
  9 orbs of fire
  A juggernaut (Depths:2)
  Boris (Depths:3)
  Sojobo (Vaults:2)
  Parghit (Zot:2)
  7 Killer Klowns
  Bai Suzhen (Depths:1)
  2 curse toes (Zot:4)
  20 golden dragons
  Vashnia (Snake:4)
  2 profane servitors
  6 electric golems
  23 Orb Guardians (Zot:5)
  25 tentacled monstrosities
  Mlioglotl (Snake:1)
  Rupert (Vaults:2)
  7 liches
  An Ice Fiend (Zot:5)
  A deep elf blademaster (Elf:3)
  2 titans (Vaults:5)
  11 quicksilver dragons
  A deep elf master archer (Elf:3)
  Polyphemus (Shoals:2)
  3 sphinxes
  8 tengu reavers
  Gastronok (Lair:1)
  8 death cobs
  An ancient champion (Vaults:3)
  2 tentacled starspawn (Abyss:3)
  17 shadow dragons
  A kraken (Shoals:3)
  29 storm dragons
  10 draconian monks
  Ilsuiw (Shoals:2)
  6 nagarajas (Snake:4)
  10 fire giants
  Donald (Snake:2)
  The ghost of Tolur the Eclecticist, an adept DEFE of Vehumet (D:15)
  2 iron dragons
  11 draconian knights
  15 deep elf sorcerers
  18 vault wardens
  4 deep elf elementalists (Elf:3)
  5 draconian stormcallers
  3 ghost moths
  7 draconian scorchers
  5 draconian shifters
  8 frost giants
  A juggernaut zombie (Depths:2)
  Aizul (Snake:1)
  16 ironbound preservers
  24 very ugly things
  7 draconian annihilators
  3 war gargoyles
  7 ironbound thunderhulks
  2 orc warlords
  4 vampire knights
  18 stone giants
  14 black draconians
  Nessos (D:14)
  5 deep elf demonologists
  21 green draconians
  5 deep elf annihilators
  18 white draconians
  24 red draconians
  12 yellow draconians
  An eidolon (Vaults:3)
  A minotaur (D:11)
  24 purple draconians
  The ghost of math4jedi the Severer, a journeyman MiBe of Trog (Orc:2)
  3 dire elephants (Vaults:1)
  Snorg (D:12)
  A spark wasp (Depths:2)
  A deep elf death mage (Elf:3)
  12 merfolk impalers
  9 ettins
  A crystal guardian (Vaults:4)
  12 merfolk javelineers
  A blizzard demon (Depths:2)
  Josephine (D:13)
  The ghost of hikkokomori the Frost Mage, a journeyman DrTm of Gozag (D:11)
  9 great orbs of eyes
  An entropy weaver (Vaults:5)
  Erolcha (D:10)
  3 rakshasas
  13 yaktaur captains
  9 fire dragons
  33 vault guards
  9 hydras
  4 deep elf high priests (Elf:3)
  6 spriggan air magi
  2 hell beasts (Depths:2)
  An ogre mage (D:15)
  An alligator snapping turtle (Shoals:2)
  8 ice dragons
  3 salamander tyrants (Snake:4)
  3 peacekeepers
  5 ironbound frosthearts
  9 anacondas
  3 catoblepae
  4 merfolk avatars
  2 boulder beetles
  2 demonspawn (Orc:2)
  A satyr (Shoals:4)
  15 centaur warriors
  7 merfolk aquamancers (Shoals:4)
  25 dancing weapons
  6 deep troll shamans
  10 two-headed ogres
  13 deep troll earth magi
  7 orc high priests (Orc:2)
  7 tengu warriors
  14 naga warriors
  2 vampire magi
  16 naga sharpshooters
  7 shock serpents
  12 death yaks
  20 deep elf knights
  7 hell knights (Depths:3)
  3 soul eaters
  5 spriggan berserkers
  A shadow wraith (Vaults:5)
  2 wretched stars (Abyss:3)
  A sixfirhy (Orc:2)
  Lodul (D:12)
  Sonja (Lair:2)
  A deep troll (shapeshifter) (Vaults:5)
  6 skysharks
  2 death drakes (Depths:4)
  3 salamander mystics
  10 skeletal warriors (D:12)
  3 glowing orange brains
  12 sea snakes
  3 iron trolls
  7 naga ritualists
  77 deep trolls
  15 deep elf archers
  2 wizards
  19 ironbound convokers
  2 phantasmal warriors (Vaults:5)
  16 harpies
  A lindwurm (Lair:5)
  13 orc knights
  4 necromancers
  5 starcursed masses (Abyss:3)
  33 deep elf pyromancers
  34 deep elf zephyrmancers
  A mana viper (shapeshifter) (Depths:3)
  A shadow dragon skeleton (Vaults:5)
  7 orc sorcerers (Orc:2)
  3 fauns
  34 ugly things
  19 manticores
  16 mana vipers
  9 salamanders
  21 moths of wrath
  A shining eye (shapeshifter) (D:15)
  A faun (shapeshifter) (Depths:3)
  7 cyclopes
  An iron dragon skeleton (Depths:2)
  2 black mambas (shapeshifter)
  33 black mambas
  12 water nymphs
  25 naga magi
  2 smoke demons (Abyss:3)
  19 elephants
  9 guardian serpents
  Maurice (D:8)
  3 molten gargoyles (Lair:5)
  17 vault sentinels
  A rust devil (Depths:4)
  An eye of devastation (Abyss:3)
  A demonic crawler (Abyss:3)
  6 merfolk sirens
  3 cane toads (Lair:5)
  A torpor snail (Lair:1)
  A frost giant skeleton (Vaults:1)
  3 unseen horrors (D:12)
  Maggie (D:10)
  45 yaktaurs
  2 efreet
  Psyche (D:8)
  11 komodo dragons
  2 kobold demonologists (D:13)
  3 freezing wraiths
  A yaktaur (shapeshifter) (Vaults:5)
  A komodo dragon (shapeshifter) (Abyss:3)
  2 tengu conjurers (D:15)
  A tormentor (D:13)
  7 rime drakes
  A silent spectre (Depths:2)
  An elf skeleton (Vaults:1)
  2 polar bears
  31 merfolk
  6 wind drakes
  7 trolls
  2 hornets
  A tengu simulacrum (Vaults:5)
  21 blink frogs
  15 dream sheep
  3 raiju (Abyss:3)
  5 large abominations
  8 snapping turtles
  6 air elementals
  A centaur simulacrum (D:10)
  39 slime creatures
  9 wraiths
  A spriggan (shapeshifter) (Vaults:5)
  A ynoxinul (Abyss:3)
  A spriggan (Lair:5)
  27 water elementals
  11 wyverns
  4 shadows
  2 vampires
  5 basilisks
  23 fire elementals
  33 yaks
  Grum (D:10)
  4 chaos spawn
  A neqoxec (Abyss:3)
  2 small abominations (Abyss:3)
  2 steam dragons (Lair:5)
  A two-headed ogre zombie (D:9)
  A glowing shapeshifter zombie (Vaults:1)
  6 vampire mosquitoes
  2 wargs (Orc:1)
  61 nagas
  4 acid dragons
  13 water moccasins
  19 hell hounds
  A human skeleton (Depths:2)
  An ice beast (D:6)
  A black bear (D:5)
  44 orc warriors
  2 sky beasts
  20 ogres
  39 wolves
  5 boggarts (Vaults:2)
  4 centaurs
  An elf simulacrum (Vaults:5)
  A phantom (D:9)
  4 kobold brigands
  2 human zombies (Vaults:1)
  2 gnoll sergeants
  12 bullfrogs
  A scorpion (D:4)
  2 earth elementals (Elf:1)
  9 wights
  3 troll zombies (D:9)
  5 killer bees (D:11)
  7 electric eels
  3 howler monkeys
  5 lava snakes (Lair:5)
  A quasit (Abyss:3)
  A hound (D:5)
  30 orc priests
  6 jellies
  6 iguanas
  23 orc wizards
  A hell rat (Elf:1)
  4 ogre zombies (D:9)
  10 gnolls
  15 adders
  A shadow imp (D:7)
  2 ufetubi
  A dart slug (D:5)
  94 orcs
  21 endoplasms
  3 giant cockroaches
  7 goblins
  4 hobgoblins
  6 jackals
  5 quokkas
  9 ball pythons
  5 bats
  A frilled lizard (D:1)
  3 goblin skeletons (D:9)
  A goblin zombie (D:9)
  2 hobgoblin skeletons (D:9)
  A hobgoblin zombie (D:9)
  17 kobolds
  An orc skeleton (D:9)
  17 orc zombies (D:9)
  3 rats (D:1)
  4 plants (Lair:5)
  2 tentacles (Shoals:3)
2346 creatures vanquished.

Vanquished Creatures (others)
  A fire giant (Depths:3)
  A naga sharpshooter (Snake:4)
  A deep elf knight (Elf:2)
  A deep elf pyromancer (Elf:3)
  A wizard (Vaults:4)
  A black mamba (Lair:5)
  An orc wizard (D:7)
  An orc (D:8)
  2 bushes (D:9)
  29 fungi
  117 plants
  2 starspawn tentacles (Abyss:3)
  2 tentacles (Shoals:3)
160 creatures vanquished.

Grand Total: 2506 creatures vanquished

Notes
Turn   | Place    | Note
-------+----------+-------------------------------------------
     0 | D:1      | monoptic the Minotaur Fighter began the quest for the Orb.
     0 | D:1      | Reached XP level 1. HP: 19/19 MP: 0/0
   285 | D:1      | Reached XP level 2. HP: 27/27 MP: 1/1
   913 | D:2      | Reached XP level 3. HP: 33/33 MP: 2/2
  1343 | D:2      | Identified the +4 leather armour "Piogeecs" {rN+ SInv}
  1658 | D:3      | Found a faded altar of an unknown god.
  2234 | D:3      | Reached skill level 1 in Ranged Weapons
  2264 | D:3      | Reached XP level 4. HP: 41/41 MP: 3/3
  2544 | D:4      | Reached XP level 5. HP: 47/47 MP: 4/4
  2666 | D:4      | Noticed an ogre
  2676 | D:4      | Killed an ogre
  2677 | D:4      | Reached skill level 1 in Dodging
  2677 | D:4      | Reached XP level 6. HP: 53/53 MP: 5/5
  2878 | D:4      | Reached skill level 5 in Axes
  3202 | D:5      | Entered Level 5 of the Dungeon
  3322 | D:5      | Reached skill level 5 in Fighting
  3322 | D:5      | Reached XP level 7. HP: 52/61 MP: 6/6
  3789 | D:5      | You fall into a shaft and drop 3 floors!
  3789 | D:8      | Found a white marble altar of Elyvilon.
  3789 | D:8      | Found a blossoming altar of Fedhas.
  3789 | D:8      | Found a stormy altar of Qazlal.
  3791 | D:8      | Noticed a wyvern
  3810 | D:8      | Killed a wyvern
  4033 | D:7      | Reached XP level 8. HP: 58/69 MP: 7/7
  4526 | D:5      | Found a sparkling altar of Nemelex Xobeh.
  4708 | D:6      | Reached skill level 5 in Ranged Weapons
  4870 | D:6      | Found a staircase to the Ecumenical Temple.
  4879 | D:6      | Reached skill level 1 in Stealth
  4885 | Temple   | Entered the Ecumenical Temple
  4885 | Temple   | Found a transporter.
  4885 | Temple   | Found a transporter.
  4887 | Temple   | Found a transporter.
  4887 | Temple   | Found a transporter.
  4906 | Temple   | Became a worshipper of Warmaster Okawaru
  5062 | D:7      | Reached skill level 10 in Axes
  5202 | D:7      | Reached XP level 9. HP: 75/75 MP: 8/8
  5203 | D:7      | Found Qidu Tucw's Weapon Shoppe.
  5958 | D:8      | Noticed Psyche
  6044 | D:8      | Identified the +2 hand axe of the Grave {drain, Str-4
                  | Int+6}
  6306 | D:7      | Upgraded the game from 0.30-a0-879-ga8ba668304 to
                  | 0.30-a0-881-g1ff12e1e11
  6326 | D:8      | Reached * piety under Okawaru
  6384 | D:8      | Found a broken altar of Ashenzari.
  6516 | D:8      | Noticed Maurice
  6531 | D:8      | Killed Maurice
  6532 | D:8      | Reached skill level 5 in Armour
  6665 | D:8      | Reached skill level 5 in Shields
  6784 | D:8      | Killed Psyche
  6784 | D:8      | Reached ** piety under Okawaru
  7366 | D:8      | Found Ubruwyc's General Store.
  7368 | D:8      | Found Hulech's Book Shoppe.
  7369 | D:8      | Found Logap's Antique Weapon Shop.
  7370 | D:8      | Found Citexink's Antique Armour Shop.
  7370 | D:8      | Found Dasupnoz's Antique Armour Emporium.
  7572 | D:9      | Found a staircase to the Orcish Mines.
  7640 | D:9      | Reached XP level 10. HP: 35/86 MP: 9/9
  7849 | D:9      | Reached *** piety under Okawaru
  8147 | D:9      | Noticed a two-headed ogre
  8153 | D:9      | Killed a two-headed ogre
  8385 | D:9      | Reached **** piety under Okawaru
  9260 | D:9      | Found a staircase to the Lair.
  9774 | D:10     | Entered Level 10 of the Dungeon
  9794 | D:10     | Noticed Maggie
  9814 | D:10     | Killed Maggie
  9897 | D:10     | Noticed Grum
  9898 | D:10     | Noticed Erolcha
  9917 | D:10     | Reached XP level 11. HP: 50/94 MP: 10/10
  9918 | D:10     | Killed Erolcha
  9919 | D:10     | Reached skill level 15 in Axes
  9924 | D:10     | Killed Grum
  9924 | D:10     | Reached ***** piety under Okawaru
 10224 | D:10     | Found Utyzuigg's Antique Armour Boutique.
 10311 | D:10     | Found the +4 skin of Zhor {*Englaciate rC+++ SInv}
 10692 | D:10     | Noticed a wizard
 10692 | D:10     | Noticed a boulder beetle
 10716 | D:10     | Killed a wizard
 10716 | D:10     | Received a gift from Okawaru
 10720 | D:10     | Killed a boulder beetle
 10725 | D:10     | Noticed a brown ugly thing
 10730 | D:10     | Killed a brown ugly thing
 10730 | D:10     | Identified the +7 executioner's axe of Eternal Vigilance
                  | {vamp, rC++ Will+ MP-9 Int+2} (Okawaru gifted it to you on
                  | level 10 of the Dungeon)
 10730 | D:10     | Received a gift from Okawaru
 11009 | D:10     | Got the Papyrus of the Icicle and the Anticline
 11020 | D:10     | Identified the +2 buckler "Farhom" {Harm rPois Str+8 Dex-3}
 11022 | D:10     | Identified the +9 flail of the Sufficient God {freeze, rF-
                  | rN+ Dex+8}
 11188 | Orc:1    | Entered Level 1 of the Orcish Mines
 11496 | Orc:1    | Noticed an orc knight
 11508 | Orc:1    | Killed an orc knight
 11509 | Orc:1    | Reached XP level 12. HP: 46/105 MP: 2/11
 11740 | Orc:1    | Reached ****** piety under Okawaru
 11920 | Orc:2    | Entered Level 2 of the Orcish Mines
 12058 | Orc:2    | Noticed math4jedi's ghost (journeyman MiBe)
 12059 | Orc:2    | Found a runed translucent gate.
 12060 | Orc:2    | Found a runed translucent gate.
 12061 | Orc:2    | Found a runed translucent gate.
 12078 | Orc:2    | Noticed an orc warlord
 12098 | Orc:2    | Killed an orc warlord
 12189 | Orc:2    | Identified the +4 ring mail "Qailaf" {rC++ Dex+2} (Okawaru
                  | gifted it to you on level 2 of the Orcish Mines)
 12189 | Orc:2    | Received a gift from Okawaru
 12192 | Orc:2    | Reached skill level 10 in Fighting
 12233 | Orc:2    | Found a staircase to the Elven Halls.
 12316 | Orc:2    | Found Jupi's Distillery.
 12317 | Orc:2    | Found Virch's General Store.
 12387 | Orc:2    | Bought a scroll of enchant armour for 75 gold pieces
 12409 | Orc:2    | Noticed an orc high priest
 12412 | Orc:2    | Noticed an orc high priest
 12420 | Orc:2    | Killed an orc high priest
 12421 | Orc:2    | Reached skill level 10 in Armour
 12423 | Orc:2    | Noticed an orc high priest
 12425 | Orc:2    | Noticed an orc high priest
 12428 | Orc:2    | Killed an orc high priest
 12433 | Orc:2    | Killed an orc high priest
 12436 | Orc:2    | Noticed a demonspawn
 12439 | Orc:2    | Killed an orc high priest
 12440 | Orc:2    | Reached XP level 13. HP: 104/115 MP: 3/12
 12447 | Orc:2    | Received a gift from Okawaru
 12546 | Orc:2    | Found Teull's Antique Weapon Emporium.
 12546 | Orc:2    | Found Kostraf's Jewellery Shoppe.
 12547 | Orc:2    | Found a one-way gate leading to the halls of Pandemonium.
 12555 | Orc:2    | Bought an amulet of reflection for 420 gold pieces
 12827 | Orc:2    | Killed math4jedi's ghost
 12827 | Orc:2    | Identified the +0 kite shield "Gourghon" {+Inv rPois Regen+
                  | MP-9} (Okawaru gifted it to you on level 2 of the Orcish
                  | Mines)
 12827 | Orc:2    | Received a gift from Okawaru
 13011 | Lair:1   | Entered Level 1 of the Lair of Beasts
 13049 | Lair:1   | Noticed Gastronok
 13060 | Lair:1   | Killed Gastronok
 14248 | Lair:2   | Found a staircase to the Snake Pit.
 14295 | Lair:2   | Found a staircase to the Shoals.
 14295 | Lair:2   | Noticed Sonja
 14305 | Lair:2   | Killed Sonja
 14862 | Lair:2   | Noticed a fire dragon
 14875 | Lair:2   | Killed a fire dragon
 14875 | Lair:2   | Received a gift from Okawaru
 14932 | Lair:2   | Got the Vellum of the Prime Crypt
 15420 | Lair:3   | Reached XP level 14. HP: 126/126 MP: 4/13
 16507 | Lair:4   | Identified the +1 scale mail of Zin's Felicitations {Harm}
 17414 | Lair:5   | Entered Level 5 of the Lair of Beasts
 17426 | Lair:5   | Found a staircase to the Slime Pits.
 17435 | Lair:5   | Received a gift from Okawaru
 17486 | Lair:5   | Received a gift from Okawaru
 17734 | Lair:5   | Found a large runed translucent door.
 17734 | Lair:5   | Found a large runed translucent door.
 17983 | Lair:5   | Reached skill level 1 in Short Blades
 18101 | Lair:5   | Reached XP level 15. HP: 136/136 MP: 5/14
 18979 | Lair:5   | Identified the +2 short sword "Tattletale" {vamp, Will+
                  | Str+2 Int-2 Dex+3}
 18980 | Lair:5   | Identified a scroll of acquirement
 18989 | Lair:5   | Acquired 291 gold pieces
 19512 | D:11     | Noticed hikkokomori's ghost (journeyman DrTm)
 19531 | D:11     | Found a runed translucent gate.
 19531 | D:11     | Found a runed translucent gate.
 19531 | D:11     | Found a runed translucent gate.
 19584 | D:11     | Received a gift from Okawaru
 19711 | D:11     | Found a hide-covered altar of Uskayaw.
 20283 | D:11     | Killed hikkokomori's ghost
 20386 | D:12     | Noticed Lodul
 20386 | D:12     | Noticed Snorg
 20394 | D:12     | Killed Snorg
 20400 | D:12     | Killed Lodul
 20670 | D:12     | Reached skill level 5 in Dodging
 20763 | D:12     | Identified the +5 battleaxe of the Winnowing Tiger {heavy,
                  | Str-4 Dex+4} (Okawaru gifted it to you on level 12 of the
                  | Dungeon)
 20763 | D:12     | Received a gift from Okawaru
 20924 | D:12     | Identified the +9 whip of Gehieh {flame, Str+3 SInv}
 20988 | D:13     | Noticed Josephine
 20995 | D:13     | Reached skill level 15 in Fighting
 20995 | D:13     | Killed Josephine
 21808 | D:14     | Received a gift from Okawaru
 21834 | D:14     | Found a gate to the Vaults.
 21917 | D:14     | Reached skill level 1 in Long Blades
 22239 | D:14     | Reached XP level 16. HP: 151/151 MP: 6/15
 22253 | D:14     | Noticed Nessos
 22261 | D:14     | Killed Nessos
 22365 | D:14     | Found a blossoming altar of Fedhas.
 22435 | D:15     | Entered Level 15 of the Dungeon
 22443 | D:15     | Found Task's Changing Room.
 22602 | D:15     | Reached skill level 5 in Long Blades
 22813 | D:15     | Received a gift from Okawaru
 22960 | D:15     | Found a runed translucent gate.
 22961 | D:15     | Found a runed translucent gate.
 22961 | D:15     | Found an ancient bone altar of Kikubaaqudgha.
 22962 | D:15     | Found a runed translucent gate.
 22962 | D:15     | Noticed a lich
 22963 | D:15     | Noticed a lich
 22963 | D:15     | Noticed a lich
 22964 | D:15     | Noticed Tolur's ghost (adept DEFE)
 22964 | D:15     | Noticed a lich
 23085 | D:15     | Found a staircase to the Depths.
 23093 | D:15     | Gained mutation: You are frail. (-10% HP) [a shining eye]
 23529 | Snake:1  | Entered Level 1 of the Snake Pit
 23964 | Shoals:1 | Entered Level 1 of the Shoals
 23964 | Shoals:1 | Found Reeciuxze's Self-Improvement Boutique.
 24038 | Shoals:1 | Acquired the amulet "Jetusac" {Faith Rampage Fly rC+ Int+2}
 24430 | Shoals:1 | Received a gift from Okawaru
 25019 | Shoals:2 | Noticed Ilsuiw
 25047 | Shoals:2 | You are sucked into a shaft and drop 1 floor!
 25339 | Shoals:2 | Killed Ilsuiw
 25542 | Shoals:2 | Noticed Polyphemus
 25547 | Shoals:2 | Reached skill level 15 in Armour
 25554 | Shoals:2 | Killed Polyphemus
 25871 | Shoals:2 | Reached XP level 17. HP: 129/148 MP: 7/16
 26565 | Shoals:3 | Found Unyhu's Antique Weapon Boutique.
 26585 | Shoals:3 | Received a gift from Okawaru
 26733 | Abyss:3  | Cast into level 3 of the Abyss (merfolk impaler)
 26759 | Abyss:3  | Found a corrupted altar of Lugonu.
 26760 | Abyss:3  | Found a corrupted altar of Lugonu.
 26760 | Abyss:3  | Found a corrupted altar of Lugonu.
 26791 | Abyss:3  | Gained mutation: You are weak. (Str -2) [a neqoxec]
 27090 | Abyss:3  | Reached skill level 10 in Dodging
 27142 | Shoals:3 | Escaped the Abyss
 27408 | Shoals:3 | Identified the +1 hat of the Divine Jabberwock {rElec rPois
                  | Regen+ Str+3} (Okawaru gifted it to you on level 3 of the
                  | Shoals)
 27408 | Shoals:3 | Received a gift from Okawaru
 27605 | Shoals:3 | Noticed a kraken
 27611 | Shoals:3 | Killed a kraken
 27879 | Shoals:4 | Entered Level 4 of the Shoals
 28535 | Shoals:4 | Paralysed by an air elemental for 1 turns
 28547 | Shoals:4 | Identified the +7 war axe of Okawaru's Indignation {freeze,
                  | Fly rF+ Str-3} (Okawaru gifted it to you on level 4 of the
                  | Shoals)
 28547 | Shoals:4 | Received a gift from Okawaru
 28568 | Shoals:4 | Got a barnacled rune of Zot
 28832 | Shoals:4 | Paralysed by an air elemental for 1 turns
 28868 | Shoals:4 | Identified the +10 rapier "Zargh" {freeze, Will+ Str+3}
                  | (Okawaru gifted it to you on level 4 of the Shoals)
 28868 | Shoals:4 | Received a gift from Okawaru
 28869 | Shoals:4 | Reached XP level 18. HP: 97/160 MP: 8/17
 29131 | Elf:1    | Entered Level 1 of the Elven Halls
 29222 | Elf:1    | Identified the +1 pair of gloves "Wiehiny" {Dex+4} (Okawaru
                  | gifted it to you on level 1 of the Elven Halls)
 29222 | Elf:1    | Received a gift from Okawaru
 29363 | Elf:1    | Reached skill level 10 in Long Blades
 29997 | Snake:1  | Identified the +3 leather armour "Oniahoga" {Dex+4}
 30180 | Snake:1  | Noticed Mlioglotl
 30187 | Snake:1  | Killed Mlioglotl
 30227 | Snake:1  | Noticed Aizul
 30237 | Snake:1  | Killed Aizul
 30340 | Snake:1  | Identified the +7 broad axe of Pandemonium {holy, Dex+2
                  | Stlth+} (Okawaru gifted it to you on level 1 of the Snake
                  | Pit)
 30340 | Snake:1  | Received a gift from Okawaru
 30935 | Snake:2  | Found Damuseups's Jewellery Emporium.
 30995 | Snake:2  | Received a gift from Okawaru
 31157 | Snake:2  | Noticed Donald
 31166 | Snake:2  | Killed Donald
 31616 | Snake:3  | Reached XP level 19. HP: 171/171 MP: 9/18
 31733 | Snake:3  | Identified the +7 great sword of the Six Souls {flame,
                  | rElec rF- Str+2} (Okawaru gifted it to you on level 3 of
                  | the Snake Pit)
 31733 | Snake:3  | Received a gift from Okawaru
 32180 | Snake:4  | Entered Level 4 of the Snake Pit
 32498 | Snake:4  | Found Nopnor's Armour Boutique.
 32589 | Snake:4  | Received a gift from Okawaru
 32862 | Snake:4  | Identified Roxanne's Quarto of Quicksand
 32862 | Snake:4  | Noticed Roxanne
 32979 | Snake:4  | Identified the +7 crystal plate armour of the Known World
                  | {Str+2} (Okawaru gifted it to you on level 4 of the Snake
                  | Pit)
 32979 | Snake:4  | Received a gift from Okawaru
 32992 | Snake:4  | Noticed Vashnia
 33031 | Snake:4  | Killed Vashnia
 33110 | Snake:4  | Got a serpentine rune of Zot
 33539 | D:15     | Killed Tolur's ghost
 33559 | D:15     | Identified the +2 cloak "Heboraerr" {Str+2}
 33562 | D:15     | Identified the ring of Light {rElec MP+9}
 33566 | D:15     | Identified the ring "Huboazax" {Wiz rC+ Int+3}
 34107 | Orc:2    | Bought a potion of curing for 48 gold pieces
 34107 | Orc:2    | Bought a potion of heal wounds for 80 gold pieces
 34107 | Orc:2    | Bought a potion of haste for 160 gold pieces
 34817 | Elf:2    | Found a huge runed translucent gate.
 34818 | Elf:2    | Found a huge runed translucent gate.
 34818 | Elf:2    | Found a huge runed translucent gate.
 34819 | Elf:2    | Found a huge runed translucent gate.
 34822 | Elf:2    | Found a huge runed translucent gate.
 35006 | Elf:2    | Reached XP level 20. HP: 177/181 MP: 10/19
 35312 | Elf:3    | Entered Level 3 of the Elven Halls
 35312 | Elf:3    | Found Neeraum's One-of-a-Kind Books.
 35393 | Elf:3    | Found Liostot's General Store.
 35411 | Elf:3    | Identified the +3 scale mail of Asceticism {Harm} (Okawaru
                  | gifted it to you on level 3 of the Elven Halls)
 35411 | Elf:3    | Received a gift from Okawaru
 35413 | Elf:3    | Bought a potion of curing for 54 gold pieces
 35413 | Elf:3    | Bought a potion of invisibility for 144 gold pieces
 35975 | Elf:3    | Found the +9 scales of the Dragon King {rPois rF+ rC+
                  | Will+}
 35983 | Elf:3    | Identified the +4 morningstar of Yrokaaxi {drain, Dex+4
                  | Stlth+}
 36006 | Elf:3    | Identified the +1 long sword "Faso" {freeze, rPois rN+
                  | Dex-5}
 36068 | Elf:3    | Found the ring of the Tortoise {AC+8}
 36075 | Elf:3    | Found the +7 great mace "Firestarter" {flame, inner flame,
                  | rFlCloud rF++}
 36081 | Elf:3    | Identified the +8 morningstar of Oenomania {drain, Str-5
                  | Int+6 Stlth+}
 36094 | Elf:3    | Got the Almanac of Freezing and Wounds
 36097 | Elf:3    | Identified the +6 troll leather armour of Dishonesty {rN+
                  | Regen+ rCorr Dex+3}
 36165 | Elf:3    | Found the +7 lajatang of Order {silver, rMut}
 36780 | Vaults:1 | Entered Level 1 of the Vaults
 36915 | Vaults:1 | Identified the +7 war axe of Yscheint {flame, rElec Int+5
                  | Dex-4} (Okawaru gifted it to you on level 1 of the Vaults)
 36915 | Vaults:1 | Received a gift from Okawaru
 36916 | Vaults:1 | Reached skill level 1 in Invocations
 37355 | Vaults:1 | Reached skill level 27 in Axes
 37514 | Vaults:1 | Identified the +0 scale mail of Untruth {Harm rF- rCorr
                  | Dex+3} (Okawaru gifted it to you on level 1 of the Vaults)
 37514 | Vaults:1 | Received a gift from Okawaru
 38448 | Vaults:2 | Noticed Rupert
 38448 | Vaults:2 | Noticed Sojobo
 38455 | Vaults:2 | Killed Sojobo
 38456 | Vaults:2 | Reached XP level 21. HP: 193/193 MP: 14/23
 38467 | Vaults:2 | Killed Rupert
 38569 | Vaults:2 | Received a gift from Okawaru
 38645 | Vaults:2 | Reached skill level 5 in Invocations
 38978 | Vaults:3 | Found Ytamik's General Store.
 38982 | Vaults:3 | Bought a potion of might for 68 gold pieces
 38982 | Vaults:3 | Bought a scroll of fear for 68 gold pieces
 39094 | Vaults:3 | Identified the +0 cloak "Xieh" {+Inv rN+ Int+2} (Okawaru
                  | gifted it to you on level 3 of the Vaults)
 39094 | Vaults:3 | Received a gift from Okawaru
 39170 | Vaults:3 | Reached skill level 1 in Evocations
 39314 | Vaults:3 | Found a staircase to the Crypt.
 39672 | Vaults:3 | Found Tekhlapnu's General Store.
 39679 | Vaults:3 | Found Sakoc's Armour Shoppe.
 39680 | Vaults:3 | Bought a scroll of fear for 64 gold pieces
 39687 | Vaults:3 | Found Agaumn's Distillery.
 39693 | Vaults:3 | Bought the +3 pair of seven-league boots {Rampage+∞} for
                  | 600 gold pieces
 39693 | Vaults:3 | Found the +3 pair of seven-league boots {Rampage+∞}
 39710 | Vaults:3 | Bought a potion of haste for 200 gold pieces
 39710 | Vaults:3 | Bought a potion of curing for 60 gold pieces
 39710 | Vaults:3 | Bought 2 potions of heal wounds for 200 gold pieces
 39710 | Vaults:3 | Bought a potion of curing for 60 gold pieces
 39754 | Vaults:3 | Found Luoxteoz's Antique Armour Shoppe.
 40371 | Vaults:4 | Identified the +3 demon blade of Descent {drain, rC++ rCorr
                  | Str-2 Dex+2 Stlth+} (Okawaru gifted it to you on level 4 of
                  | the Vaults)
 40371 | Vaults:4 | Received a gift from Okawaru
 40388 | Vaults:4 | Reached skill level 15 in Dodging
 40416 | Vaults:4 | Identified the +2 leather armour of the Modern Runes
                  | {+Blink}
 40602 | Vaults:4 | Identified the +10 plate armour of Diaboucy {Dex+2}
 40938 | Vaults:4 | Reached XP level 22. HP: 195/207 MP: 17/26
 40938 | Vaults:4 | Identified the +5 ring mail of Beol {Will+ SInv} (Okawaru
                  | gifted it to you on level 4 of the Vaults)
 40938 | Vaults:4 | Received a gift from Okawaru
 41057 | Vaults:4 | Found Qach's Jewellery Shop.
 41844 | Depths:1 | Entered Level 1 of the Depths
 41919 | Depths:1 | Acquired the ring "Egebyz" {Contam rElec MP+9 Str+6 Slay+3}
 42321 | Depths:1 | Reached skill level 27 in Fighting
 42339 | Depths:1 | Found a gateway to Hell.
 42427 | Depths:1 | Noticed Bai Suzhen
 42456 | Depths:1 | Killed Bai Suzhen
 42461 | Depths:1 | Reached skill level 1 in Spellcasting
 42711 | Depths:1 | Found a corrupted altar of Lugonu.
 42716 | Depths:1 | Found a one-way gate to the infinite horrors of the Abyss.
 42724 | Depths:1 | Found a burning altar of Makhleb.
 42853 | Depths:2 | Found a one-way gateway to a ziggurat.
 43991 | Depths:2 | Noticed a juggernaut
 44142 | Depths:2 | Found a white marble altar of Elyvilon.
 44298 | Depths:2 | You are sucked into a shaft and drop 2 floors!
 44298 | Depths:4 | Entered Level 4 of the Depths
 44316 | Depths:4 | Identified the +2 hat of Yesterday {Int+3} (Okawaru gifted
                  | it to you on level 4 of the Depths)
 44316 | Depths:4 | Received a gift from Okawaru
 44530 | Depths:4 | Found Lipnoowk's General Store.
 44614 | Depths:4 | Noticed a golden dragon
 44627 | Depths:4 | Killed a golden dragon
 44645 | Depths:4 | Found Xivikoj's Antique Armour Emporium.
 44645 | Depths:4 | Found Hisiaple's General Store.
 44667 | Depths:4 | Bought a scroll of silence for 199 gold pieces
 44761 | Depths:4 | Noticed a golden dragon
 44772 | Depths:4 | Killed a golden dragon
 44921 | Depths:4 | Noticed a golden dragon
 44933 | Depths:4 | Killed a golden dragon
 44933 | Depths:4 | Identified the +0 pair of gloves of Ifuz {rElec rN++ Str-5}
                  | (Okawaru gifted it to you on level 4 of the Depths)
 44933 | Depths:4 | Received a gift from Okawaru
 44962 | Depths:4 | Identified the ring "Borghiabomm" {Str+3 SInv}
 44968 | Depths:4 | Reached XP level 23. HP: 215/216 MP: 29/29
 45026 | Depths:4 | Found a gate to the Realm of Zot.
 45085 | Depths:4 | Identified the +7 lajatang of the Three Prophets {venom,
                  | rElec Str+3}
 45399 | Depths:4 | Bought a potion of curing for 60 gold pieces
 45399 | Depths:4 | Bought a potion of curing for 60 gold pieces
 45545 | Depths:4 | Found a portal to a secret trove of treasure.
 45600 | Depths:4 | Found a radiant altar of Vehumet.
 45778 | Depths:3 | Found a shimmering blue altar of Sif Muna.
 45853 | Depths:2 | Reached skill level 10 in Invocations
 45855 | Depths:2 | Received a gift from Okawaru
 45917 | Depths:2 | Found Luppuremn's Antique Armour Shoppe.
 46028 | Depths:2 | Found a transporter.
 46171 | Depths:2 | Found a bloodstained altar of Trog.
 46171 | Depths:2 | Found the necklace of Bloodlust {Fury *Rage Will++ Int-3
                  | Slay+6}
 46248 | Depths:2 | Found a transporter.
 46248 | Depths:2 | Found a runed translucent door.
 46263 | Depths:2 | Killed a juggernaut
 46298 | Depths:2 | Identified the +0 plate armour of Cynicism {MP+9}
 46313 | Depths:2 | Identified the +9 battleaxe of Omeitiatz {drain, Contam
                  | rElec rC+ Int+2}
 46549 | Depths:3 | Found an opulent altar of Gozag.
 46637 | Depths:3 | Noticed Boris
 46654 | Depths:3 | Received a gift from Okawaru
 46657 | Depths:3 | Killed Boris
 46687 | Depths:3 | Lost mutation: You are frail. (-10% HP) [potion of
                  | mutation]
 46687 | Depths:3 | Lost mutation: You are weak. (Str -2) [potion of mutation]
 46687 | Depths:3 | Gained mutation: You are clumsy. (Dex -2) [potion of
                  | mutation]
 46687 | Depths:3 | Gained mutation: You have large cloven feet. [potion of
                  | mutation]
 46687 | Depths:3 | Gained mutation: You sometimes lose your temper in combat.
                  | [potion of mutation]
 46687 | Depths:3 | Gained mutation: Your spells are a little harder to cast,
                  | but a little more powerful. [potion of mutation]
 47773 | D:8      | Bought the +4 consecrated labrys {holy, Valiant Fragile Fly
                  | SInv} for 1116 gold pieces
 47773 | D:8      | Found the +4 consecrated labrys {holy, Valiant Fragile Fly
                  | SInv}
 48079 | Depths:4 | You paid a toll of the consecrated labrys to enter a
                  | treasure trove
 48080 | Trove    | Entered a treasure trove
 48087 | Trove    | Identified the +0 pair of boots of Midwinter {Str+2}
 48091 | Trove    | Identified the ring "Ukemir" {Drain rPois rC+ rN+ Int+3}
 48471 | Vaults:5 | Entered Level 5 of the Vaults
 48474 | Vaults:5 | Noticed a dread lich
 48481 | Vaults:5 | Reached skill level 5 in Evocations
 48482 | Vaults:5 | Noticed an ancient lich
 48494 | Vaults:5 | Killed a dread lich
 48515 | Vaults:5 | Received a gift from Okawaru
 48522 | Vaults:5 | Reached XP level 24. HP: 247/249 MP: 27/30
 48529 | Vaults:5 | Killed an ancient lich
 48682 | Vaults:5 | Noticed a dread lich
 48689 | Vaults:5 | Killed a dread lich
 48720 | Vaults:5 | Noticed an ancient lich
 48726 | Vaults:5 | Killed an ancient lich
 48748 | Vaults:5 | Received a gift from Okawaru
 48929 | Vaults:5 | Noticed an ancient lich
 48934 | Vaults:5 | Killed an ancient lich
 48968 | Vaults:5 | Found the amulet of the Four Winds {rN+ Will+++ Clar}
 48975 | Vaults:5 | Identified the ring "Mext" {Fly Int+3 Slay+2 Stlth+}
 49009 | Vaults:5 | Identified the ring "Noigroes" {rElec Dex+6 SInv}
 49123 | Vaults:5 | Identified the +7 falchion of Ru's Displeasure {heavy,
                  | rCorr}
 49138 | Vaults:5 | Identified the +6 bardiche "Feoshutso" {freeze, Str+2}
 49139 | Vaults:5 | Identified the +1 leather armour of Quklaed {Harm rPois
                  | rCorr Str-5}
 49211 | Vaults:5 | Identified the +6 flail of Citik {holy, rPois Int+3}
 49240 | Vaults:5 | Identified the +1 leather armour of Xabol {*Slow rPois
                  | Str+2}
 49390 | Vaults:5 | Identified the +2 hat "Wiaj" {Harm +Inv Dex+4 Slay-4}
 49552 | Vaults:5 | Received a gift from Okawaru
 49574 | Vaults:5 | Got a silver rune of Zot
 49584 | Vaults:5 | Identified the +0 scale mail of the Shining One's Envy
                  | {+Blink rF- Int+4 Slay+5}
 50014 | D:8      | Bought a pair of embroidered gloves for 172 gold pieces
 50139 | Orc:2    | Bought the amulet of the Echidna {Faith Fly rF++ Regen+
                  | Str-2} for 873 gold pieces
 50496 | Zot:1    | Entered Level 1 of the Realm of Zot
 50529 | Zot:1    | Identified the +4 scale mail of the Spider Nest {Int+3}
 50960 | Zot:1    | Noticed an orb of fire
 50967 | Zot:1    | Killed an orb of fire
 51099 | Zot:1    | Reached XP level 25. HP: 238/257 MP: 31/31
 51466 | Zot:2    | Reached skill level 27 in Armour
 51469 | Zot:2    | Identified the +1 robe of Weightlessness {rF+ Str+3 Dex+2
                  | Stlth+} (Okawaru gifted it to you on level 2 of the Realm
                  | of Zot)
 51469 | Zot:2    | Received a gift from Okawaru
 51505 | Zot:2    | Identified the +8 dagger "Soskiump" {antimagic, *Noise
                  | Str+5 Stlth+}
 51524 | Zot:2    | Noticed a Killer Klown
 51543 | Zot:2    | Killed a Killer Klown
 51561 | Zot:2    | Noticed Parghit
 51602 | Zot:2    | Killed Parghit
 51786 | Zot:2    | Identified the +1 robe "Kuwyc" {Dex+3} (Okawaru gifted it
                  | to you on level 2 of the Realm of Zot)
 51786 | Zot:2    | Received a gift from Okawaru
 51797 | Zot:2    | Reached skill level 10 in Evocations
 52429 | Zot:3    | Identified the +0 short sword "Havoh" {speed, rElec}
 52430 | Zot:3    | Identified the +0 great sword "Lobaowis" {pain, rN+ Str+4}
 52549 | Zot:3    | Identified the +8 hand axe of Quhoss {flame, rPois Str+5
                  | Int+3 Dex-3 SInv}
 52737 | Zot:3    | Noticed an orb of fire
 52747 | Zot:3    | Killed an orb of fire
 53107 | Zot:4    | Reached XP level 26. HP: 262/266 MP: 32/32
 53149 | Zot:4    | Identified the +1 pair of gloves "Rafes" {rF+ rC+} (Okawaru
                  | gifted it to you on level 4 of the Realm of Zot)
 53149 | Zot:4    | Received a gift from Okawaru
 53371 | Zot:4    | Noticed an orb of fire
 53379 | Zot:4    | Gained mutation: You are dopey. (Int -2) [an orb of fire]
 53383 | Zot:4    | Gained mutation: You are very clumsy. (Dex -4) [an orb of
                  | fire]
 53384 | Zot:4    | Killed an orb of fire
 53890 | Zot:5    | Entered Level 5 of the Realm of Zot
 54406 | Zot:5    | Noticed an orb of fire
 54409 | Zot:5    | Noticed an orb of fire
 54411 | Zot:5    | Noticed an orb of fire
 54417 | Zot:5    | Noticed an orb of fire
 54417 | Zot:5    | Noticed a dread lich
 54425 | Zot:5    | Noticed an orb of fire
 54427 | Zot:5    | Gained mutation: Potions are less effective at restoring
                  | your health. [an orb of fire]
 54429 | Zot:5    | Killed an orb of fire
 54430 | Zot:5    | Reached skill level 15 in Invocations
 54430 | Zot:5    | Gained mutation: You occasionally shout uncontrollably at
                  | your foes. [an orb of fire]
 54430 | Zot:5    | Gained mutation: You occasionally lose the ability to read
                  | scrolls when taking damage. [an orb of fire]
 54432 | Zot:5    | Gained mutation: You are very dopey. (Int -4) [an orb of
                  | fire]
 54432 | Zot:5    | Lost mutation: You are very clumsy. (Dex -4) [an orb of
                  | fire]
 54434 | Zot:5    | Gained mutation: You are very clumsy. (Dex -4) [an orb of
                  | fire]
 54437 | Zot:5    | Killed an orb of fire
 54439 | Zot:5    | Killed an orb of fire
 54446 | Zot:5    | Noticed an orb of fire
 54474 | Zot:5    | Gained mutation: Your magical capacity is low. (-10% MP)
                  | [an orb of fire]
 54478 | Zot:5    | Gained mutation: You are frail. (-10% HP) [an orb of fire]
 54495 | Zot:5    | Killed an orb of fire
 54499 | Zot:5    | Gained mutation: You are weak. (Str -2) [an orb of fire]
 54505 | Zot:5    | Lost mutation: Your spells are a little harder to cast, but
                  | a little more powerful. [an orb of fire]
 54512 | Zot:5    | Gained mutation: You sometimes lose the ability to read
                  | scrolls when taking damage. [an orb of fire]
 54514 | Zot:5    | Gained mutation: Your spells are a little easier to cast,
                  | but a little less powerful. [an orb of fire]
 54527 | Zot:4    | Identified the +6 crystal plate armour of Lestir {Dex+3}
                  | (Okawaru gifted it to you on level 4 of the Realm of Zot)
 54527 | Zot:4    | Received a gift from Okawaru
 54815 | Depths:4 | Lost mutation: Your spells are a little easier to cast, but
                  | a little less powerful. [potion of mutation]
 54815 | Depths:4 | Lost mutation: You are weak. (Str -2) [potion of mutation]
 54815 | Depths:4 | Lost mutation: You occasionally shout uncontrollably at
                  | your foes. [potion of mutation]
 54815 | Depths:4 | Lost mutation: You are very clumsy. (Dex -4) [potion of
                  | mutation]
 54816 | Depths:4 | Lost mutation: Your magical capacity is low. (-10% MP)
                  | [potion of mutation]
 54816 | Depths:4 | Lost mutation: You sometimes lose your temper in combat.
                  | [potion of mutation]
 54816 | Depths:4 | Lost mutation: Potions are less effective at restoring your
                  | health. [potion of mutation]
 54816 | Depths:4 | Lost mutation: You sometimes lose the ability to read
                  | scrolls when taking damage. [potion of mutation]
 54816 | Depths:4 | Gained mutation: You are resistant to electric shocks.
                  | (rElec) [potion of mutation]
 54817 | Depths:4 | Lost mutation: You are clumsy. (Dex -2) [potion of
                  | mutation]
 54817 | Depths:4 | Lost mutation: You are resistant to electric shocks.
                  | (rElec) [potion of mutation]
 54817 | Depths:4 | Gained mutation: Your muscles are strong. (Str +4, Int/Dex
                  | -1) [potion of mutation]
 54817 | Depths:4 | Gained mutation: You sometimes lose the ability to read
                  | scrolls when taking damage. [potion of mutation]
 54817 | Depths:4 | Lost mutation: You sometimes lose the ability to read
                  | scrolls when taking damage. [potion of mutation]
 54818 | Depths:4 | Lost mutation: You occasionally lose the ability to read
                  | scrolls when taking damage. [potion of mutation]
 54818 | Depths:4 | Lost mutation: You are very dopey. (Int -4) [potion of
                  | mutation]
 54818 | Depths:4 | Lost mutation: You are dopey. (Int -2) [potion of mutation]
 54818 | Depths:4 | Gained mutation: You do not regenerate when monsters are
                  | visible. [potion of mutation]
 54818 | Depths:4 | Gained mutation: Your spells are a little harder to cast,
                  | but a little more powerful. [potion of mutation]
 54819 | Depths:4 | Lost mutation: You do not regenerate when monsters are
                  | visible. [potion of mutation]
 54819 | Depths:4 | Lost mutation: Your spells are a little harder to cast, but
                  | a little more powerful. [potion of mutation]
 54819 | Depths:4 | Lost mutation: Your muscles are strong. (Str +4, Int/Dex
                  | -1) [potion of mutation]
 54819 | Depths:4 | Gained mutation: You sometimes lose your temper in combat.
                  | [potion of mutation]
 54820 | Depths:4 | Lost mutation: You have large cloven feet. [potion of
                  | mutation]
 54820 | Depths:4 | Lost mutation: You are frail. (-10% HP) [potion of
                  | mutation]
 54820 | Depths:4 | Lost mutation: You sometimes lose your temper in combat.
                  | [potion of mutation]
 54820 | Depths:4 | Gained mutation: Your body sometimes deteriorates upon
                  | taking damage. [potion of mutation]
 54820 | Depths:4 | Gained mutation: You are covered in fur. (AC +1) [potion of
                  | mutation]
 54821 | Depths:4 | Lost mutation: You are covered in fur. (AC +1) [potion of
                  | mutation]
 54821 | Depths:4 | Lost mutation: Your body sometimes deteriorates upon taking
                  | damage. [potion of mutation]
 54821 | Depths:4 | Gained mutation: You are partially covered in iridescent
                  | scales. (AC +2) [potion of mutation]
 54821 | Depths:4 | Gained mutation: You are mostly covered in iridescent
                  | scales. (AC +4) [potion of mutation]
 55107 | Zot:5    | Killed an orb of fire
 55115 | Zot:5    | Gained mutation: You occasionally shout uncontrollably at
                  | your foes. [an orb of fire]
 55117 | Zot:5    | Killed an orb of fire
 55217 | Zot:5    | Killed a dread lich
 55605 | Zot:5    | Got the Orb of Zot
 55696 | Zot:5    | Reached XP level 27. HP: 272/273 MP: 34/34
 55696 | Zot:5    | Noticed a seraph
 55795 | Zot:2    | Noticed a seraph
 55806 | Zot:2    | Identified the +9 tower shield "Ycabbi" {Dex+6}
 55808 | Zot:2    | HP: 7/273 [daeva/divine providence[a seraph] (11)]
 56105 | D:15     | Received a gift from Okawaru
 56445 | D:$      | Escaped with the Orb!

Illustrated notes

Levels and vault maps discovered:
D:1:      dpeg_arrival_radiant, layout_basic, serial_forest,
          infiniplex_forest_lined_4_way, infiniplex_forest_clump_small,
          infiniplex_forest_corner_1, infiniplex_forest_lined_3_way,
          infiniplex_forest_straight_4
D:2:      layout_loops_ring, chequers_serial_rivers_micro_a,
          hangedman_decor_points
D:3:      layout_basic, chequers_ecumenical_altar_island, minmay_snake_closets
D:4:      layout_basic
D:5:      layout_loops_ring, kennysheep_little_box
D:6:      layout_rooms, minmay_temple_entry_mini_moons
D:7:      layout_basic, serial_shops, shop
D:8:      layout_basic, gammafunk_temple_overflow_claw,
          mainiacjoe_overflow_brackets, nicolae_wooded_promenade,
          minmay_misc_feat_more_columns, uniq_maurice, uniq_psyche
D:9:      layout_long_grid, minmay_lair_entry_grove, zombieorc2_lemuel,
          enter_bailey_3, kennysheep_boxes
D:10:     minmay_the_grid_four_pointed_star
          [minmay_the_grid_triangle_9x9_longest,
          minmay_the_grid_triangle_9x9_zippers_horizontal,
          minmay_the_grid_triangle_9x9_flanged_cone,
          minmay_the_grid_triangle_9x9_empty, minmay_the_grid_prize_trominoes],
          layout_loops_ring, serial_shops, nicolae_diamond_shop,
          hellmonk_guarded_unrand_zhor, uniq_maggie, uniq_grum, uniq_erolcha
D:11:     layout_basic, maelrawn_ghost_gauntlet_escape, grunt_ministairs_15,
          dancing_weapons_uskayaw
D:12:     layout_rooms, uniq_lodul, uniq_snorg
D:13:     lemuel_ice_statue, layout_basic, uniq_josephine
D:14:     layout_rooms, erik_vaults_2, fedhas_altar_fruit_tree, uniq_nessos
D:15:     gammafunk_enter_depths_forms, layout_long_grid, gammafunk_ghost_crypt,
          nicolae_transmutations_shop
Temple:   hellmonk_temple_divided_pantheon
Lair:1:   layout_loops_ring, uniq_gastronok
Lair:2:   dragon1_lemuel, layout_regular_city, elwin_shoals_entry_rocks,
          minmay_snake_entry_guardpost_small, beast_lair_carwin_2,
          serial_bayou_shore_b, uniq_sonja
Lair:3:   layout_small_grid, serial_bayou_pond_d, grunt_forest_large_clearings,
          serial_bayou_shore_a, lemuel_fruit_fields, lemuel_fruit_tree,
          serial_bayou_shore_b
Lair:4:   lemuel_slime, layout_loops_ring
Lair:5:   cheibrodos_lair_end_hotspot, layout_regular_city, slime_entry_1,
          wad_woods_03
Shoals:1: layout_shoals, nicolae_shop_self_help
Shoals:2: cheibrodos_shoals_epimethial_gifts, layout_shoals, uniq_polyphemus,
          uniq_ilsuiw
Shoals:3: layout_shoals, serial_shops, nicolae_shop_overgrown_old_shop
Shoals:4: shoals_end_hellmonk_storm_palace [storm_palace_center_ruins,
          storm_palace_corner_grid, storm_palace_corner_narrow,
          storm_palace_corner_reverse_hut, storm_palace_corner_blocked]
Snake:1:  layout_onion, uniq_aizul, uniq_mlioglotl
Snake:2:  layout_rooms, serial_shops, nicolae_diamond_shop, grunt_ministairs_5,
          drop_trap, nrook_loot_triangle, uniq_donald
Snake:3:  layout_misc_corridors, drop_trap, grunt_megastairs_5
Snake:4:  grunt_snake_rune_serpentine_throne, layout_rooms,
          nicolae_snake_magic_snake_eye, minmay_shop_star, uniq_roxanne
Orc:1:    layout_caves
Orc:2:    pf_orc_diabolical, layout_diamond_mine, gammafunk_ghost_split,
          nicolae_orc_tapped_out
Elf:1:    eino_elf_arrival_sip, layout_rooms, special_room
          [special_room_mythical_zoo], minmay_elf_demonology
Elf:2:    elven_hall_of_blades_hangedman_alternative
          [nicolae_blade_entry_hurt_lockers], layout_loops_corners,
          hangedman_elven_pyramids
Elf:3:    minmay_elf_hall_spiked, layout_geoelf_castle, serial_shops, shop,
          minivault_25_ag, nicolae_rare_books
Vaults:1: hangedman_vaults_corner_blocks, nicolae_vaults_ninety_degrees,
          nicolae_vaults_theta, ontoclasm_vaults_fault, v_misc_11,
          grunt_vaults_funnel, grunt_vaults_focal, nicolae_vaults_shelves_hall,
          hangedman_vaults_locks, vaults_mumra_hexcomb, hangedman_vaults_snaps,
          ontoclasm_vaults_ring_square, nicolae_vaults_asterisk,
          vaults_room_ringed_pool, ontoclasm_vaults_pinch,
          layout_vaults_maze_snakey
Vaults:2: v_misc_30, vaults_dpeg_ring, v_rooms_5,
          nicolae_vaults_twisting_passages, sword_in_stone, grunt_vaults_twisty,
          vaults_mumra_chevron_long, hangedman_vaults_capsules,
          vaults_dpeg_diagonal, layout_vaults_quadrants
Vaults:3: nicolae_vaults_specimen_jars, grunt_vaults_trifunnel,
          nicolae_vaults_network_periphery, v_misc_9, v_alt_pattern_2,
          minmay_crypt_entry_simple_box, v_pattern_4,
          nicolae_vaults_angled_halls, nicolae_vaults_network_quinsquares
          [nicolae_vaults_network_quincunx_subvault,
          nicolae_vaults_network_quincunx_subvault,
          nicolae_vaults_network_quincunx_subvault,
          nicolae_vaults_network_quincunx_subvault], v_misc_22,
          ontoclasm_vaults_gateway, nicolae_vaults_little_ls,
          ontoclasm_vaults_twist, layout_vaults_ring, serial_shops, shop,
          nicolae_diamond_shop, shop, nicolae_square_shop, nicolae_square_shop
Vaults:4: hangedman_vaults_variations, nicolae_vaults_big_angled_halls,
          vaults_room_pools, vaults_room_stairs_pillars,
          nicolae_vaults_little_squares_3, grunt_vaults_diagonal,
          dpeg_vaults_monster_box, v_misc_30, hangedman_vaults_slither,
          ontoclasm_vaults_decontamination, layout_vaults_omnibox, serial_shops,
          shop_statue, uniq_margery
Vaults:5: serial_shops
Depths:1: layout_gridlike, abyss_entry_flame_altar, kennysheep_minor_cross,
          hangedman_coc_ice_floe, makhleb_altar_promises_db, uniq_bai_suzhen
Depths:2: emtedronai_trogs_sanctum, layout_cave_pools, enter_ziggurat_a,
          pan_entry, grunt_mini_vestibule, old_standard_altar, serial_shops,
          shop, st_stairs_9
Depths:3: kennysheep_funnel, layout_gridlike, grunt_gozag_breadcrumbs,
          abyss_entry, hell_entry, nicolae_sif_muna_condensation,
          grunt_megastairs_3, uniq_boris
Depths:4: lemuel_castle_with_subvaults [lemuel_castle_interior_carwin_1],
          layout_honeycomb, serial_shops, nicolae_shop_hallway_stairs,
          serial_glass, glass_columns_c, glass_columns_c, feat_on_display,
          nicolae_trove_entry_crossroad, nicolae_vehumet_altar_sigil,
          hell_entry, ebering_dispersal_statue_hall, hangedman_aviary,
          minmay_shoptagon
Zot:1:    lemuel_firehouse, layout_onion_interference, grunt_ministairs_2
Zot:2:    layout_gridville, evilmike_ambush [evilmike_ambush_outer_basic,
          evilmike_ambush_inner_pond], uniq_parghit, uniq_grunn
Zot:3:    layout_cellular_growth, st_stairs_11, st_large_dragon_hoard_2
Zot:4:    layout_basic, lemuel_elevator
Zot:5:    layout_gridville

Skill      XL: |  1  2  3  4  5  6  7  8  9 10 11 12 13 14 15 16 17 18 19 20 21 22 23 24 25 26 |
---------------+-------------------------------------------------------------------------------+-----
Armour         | 4 5 7 9 10 11 13 15 16 17 18 19 21 24 26 27 | 27.0
Fighting       | 4 5 6 7 8 9 10 12 13 16 18 20 21 22 24 26 27 | 27.0
Axes           | 3 4 6 7 10 12 14 17 19 22 24 25 26 27 | 27.0
Ranged Weapons | 1 2 3 4 5 6 |  6.2
Shields        | 4 5 6 7 8 |  8.0
Dodging        | 1 2 3 4 6 9 11 12 13 14 15 16 17 18 20 22 | 22.2
Stealth        | 1 |  1.4
Short Blades   | 1 2 |  2.0
Long Blades    | 3 9 10 12 | 12.6
Invocations    | 4 7 9 10 12 14 16 | 16.4
Evocations     | 1 2 5 7 11 13 | 13.7
Spellcasting   | 1 |  1.5
Unarmed Combat | |  0.8

Action                     |  1- 3 |  4- 6 |  7- 9 | 10-12 | 13-15 | 16-18 | 19-21 | 22-24 | 25-27 || total
---------------------------+-------+-------+-------+-------+-------+-------+-------+-------+-------++-------
  Melee: War axe           |    69 |    80 |   283 |   253 |       |       |       |       |       ||   685
         Headbutt          |     5 |     7 |    64 |   108 |   199 |   334 |   293 |   375 |   232 ||  1617
         Unarmed           |       |       |     4 |       |       |       |       |       |       ||     4
         Executioner's axe |       |       |       |   236 |   830 |  1151 |  1111 |  1083 |   768 ||  5179
         Short sword       |       |       |       |       |    19 |       |       |       |       ||    19
         Scimitar          |       |       |       |       |    28 |   121 |       |       |       ||   149
         Great sword       |       |       |       |       |       |       |       |    16 |       ||    16
   Fire: Sling             |    26 |    34 |    56 |       |       |       |       |       |       ||   116
 Invoke: Heroism           |       |       |       |     1 |     3 |     4 |     4 |     1 |       ||    13
         Finesse           |       |       |       |       |       |       |       |     1 |     2 ||     3
  Evoke: Wand              |       |       |       |       |       |       |     1 |     1 |       ||     2
         Phial of floods   |       |       |       |       |       |       |     1 |       |     2 ||     3
         Tin of tremorston |       |       |       |       |       |       |       |       |     1 ||     1
    Use: Scroll            |       |     4 |    12 |     7 |    10 |    13 |     3 |     2 |     5 ||    56
         Potion            |       |       |     1 |     4 |     2 |    14 |     6 |     2 |    16 ||    45
 Armour: Scale mail        |    30 |       |       |       |       |       |       |       |       ||    30
         Leather armour    |     3 |    40 |    52 |       |       |       |       |       |       ||    95
         Plate armour      |       |       |    40 |   283 |   630 |   708 |   111 |       |       ||  1772
         Crystal plate arm |       |       |       |       |       |       |   121 |       |       ||   121
         Gold dragon scale |       |       |       |       |       |       |   360 |   850 |   893 ||  2103
  Dodge: Dodged            |    46 |    37 |   128 |   164 |   332 |   623 |   554 |   621 |   692 ||  3197
  Block: Buckler           |    21 |    21 |    36 |    54 |       |       |       |       |       ||   132
         Other             |       |       |       |       |   117 |    19 |       |       |       ||   136
         Reflection        |       |       |       |       |    13 |     8 |       |       |       ||    21
         Kite shield       |       |       |       |       |    95 |    99 |       |       |       ||   194

Table legend: (Time is in decaauts)
 A = Elapsed time spent in this place.
 B = Non-inter-level travel time spent in this place.
 C = Inter-level travel time spent in this place.
 D = Time resting spent in this place.
 E = Time spent auto-exploring this place.
 F = Levels seen in this place.
 G = Mean time per level.
                   A        B        C        D        E       F      G
               +--------+--------+--------+--------+--------+-----+--------+
         Total |  55293 |  45944 |   9349 |   3609 |  30807 |  50 | 1105.9 |
       Dungeon |  17881 |  14575 |   3306 |   1866 |  10039 |  15 | 1192.1 |
        Temple |     37 |     37 |      0 |      0 |      6 |   1 |   37.0 |
          Lair |   6856 |   5369 |   1487 |    164 |   4332 |   5 | 1371.2 |
        Shoals |   4444 |   4175 |    269 |    512 |   2687 |   4 | 1111.0 |
     Snake Pit |   3661 |   3455 |    206 |     73 |   2420 |   4 |  915.2 |
  Orcish Mines |   2475 |   1735 |    740 |    371 |    885 |   2 | 1237.5 |
   Elven Halls |   3143 |   2789 |    354 |      0 |   2061 |   3 | 1047.7 |
        Vaults |   5895 |   5131 |    764 |      0 |   3713 |   5 | 1179.0 |
        Depths |   5303 |   3840 |   1463 |     21 |   2508 |   4 | 1325.8 |
           Zot |   5153 |   4396 |    757 |    441 |   2066 |   5 | 1030.6 |
         Abyss |    383 |    383 |      0 |    159 |     83 |   1 |  383.0 |
         Trove |     56 |     56 |      0 |      0 |      5 |   1 |   56.0 |
               +--------+--------+--------+--------+--------+-----+--------+

Top non-repeatable levels by time:
     D:9: 2749 daAuts
  Lair:5: 1998 daAuts
Depths:4: 1884 daAuts
    D:10: 1679 daAuts
     D:7: 1573 daAuts
     D:8: 1560 daAuts
Shoals:3: 1549 daAuts
  Lair:1: 1426 daAuts
    D:15: 1422 daAuts
   Orc:2: 1402 daAuts
  Lair:2: 1324 daAuts
Vaults:3: 1289 daAuts
    D:11: 1286 daAuts
Depths:1: 1283 daAuts
Vaults:5: 1282 daAuts
